[Event "ISR-chT U14 2018"]
[Site "Nir HaEmek"]
[Date "2018.08.15"]
[Round "8"]
[White "Yusupoff, Yoav"]
[Black "Zemach, Nadav"]
[Result "1-0"]
[ECO "E07"]
[WhiteElo "1634"]
[BlackElo "1901"]
[Annotator "NA"]
[PlyCount "92"]
[EventDate "2018.08.12"]
[EventType "team-tourn"]
[EventCountry "ISR"]
[SourceTitle "playchess.com"]
[Source "ChessBase"]
[SourceQuality "1"]
[TimeControl "3060+10"]

1. c4 e6 2. g3 d5 3. cxd5 exd5 4. Bg2 Nf6 5. Nf3 Be7 $11 {[%emt 0:00:14] LiveBook: 41 Partien} 6. Nc3 O-O 7. d4 c6 8. O-O Nbd7 9. Qc2 Bd6 10. Bf4 Bxf4 11. gxf4 Nb6 12. b3 h6 13. e3 Bg4 14. Kh1 Qc8 15. Ne5 Qf5 16. Qxf5 Bxf5 17. Ne2 Be4 18. Ng3 Bxg2+ 19. Kxg2 g6 20. f5 Kh7 21. Rg1 Ne8 22. h4 Nd6 23. fxg6+ fxg6 24. Kf1 Rf6 25. Ke2 Raf8 26. Rg2 Nf7 27. Nd3 Nh8 28. Ne5 Nf7 29. Nd3 Nh8 30. Rag1 Nd7 31. Nh5 R6f7 32. Nhf4 Rg8 33. Ne5 Nxe5 34. dxe5 Rfg7 35. e6 Re7 36. Kd3 c5 37. e4 dxe4+ 38. Kxe4 Rge8 39. Kd5 b6 40. Nxg6 Rd8+ 41. Ke5 Nxg6+ 42. Rxg6 Rd2 43. Kf6 Re8 44. Kf7 Rdd8 45. e7 Rb8 46. Rf6 Kh8 1-0

[Event "ISR-chT U14 2018"]
[Site "Nir HaEmek"]
[Date "2018.08.15"]
[Round "9"]
[White "Aizenberg, Benny"]
[Black "Milikow, Yoav"]
[Result "0-1"]
[ECO "C01"]
[WhiteElo "2149"]
[BlackElo "2186"]
[Annotator "NA"]
[PlyCount "159"]
[EventDate "2018.08.12"]
[EventType "team-tourn"]
[EventCountry "ISR"]
[SourceTitle "playchess.com"]
[Source "ChessBase"]
[SourceQuality "1"]
[TimeControl "3060+10"]

1. e4 e6 2. d4 d5 3. Bd3 dxe4 4. Bxe4 Nf6 5. Bf3 c5 6. Ne2 Nc6 {[%emt 0:00:08] C01: Französische Verteidigung (Abtauschvariante)} 7. Be3 cxd4 (7... Nd5 8. Bxd5 Qxd5 9. Nbc3 Qxg2 10. Rg1 Qf3 11. Nb5 Rb8 12. dxc5 Bd7 13. Nc7+ Kd8 14. Nb5 {0-1 (54) Kramnik,V (2808)-Caruana,F (2808) Stavanger 2017}) 8. Nxd4 Ne5 9. O-O Be7 10. Nc3 O-O 11. Re1 $146 ({Vorgänger:} 11. Be2 Bd7 12. f4 Nc6 13. Bf3 Nxd4 14. Bxd4 Qc7 15. Be5 Qb6+ 16. Kh1 Rfd8 17. Qe2 Bc6 18. Bxc6 Qxc6 19. Rad1 a6 {½-½ (19) Potapov,P (2479)-Vastrukhin,O (2409) Moscow 2018}) 11... Nc4 12. Bc1 Qb6 13. Nb3 Bd7 14. Ne4 Rfd8 15. Qd4 Rac8 16. Qxb6 Nxb6 17. c3 Bc6 18. Bg5 Nc4 19. Re2 Ne5 20. Nxf6+ Bxf6 21. Bxc6 Nxc6 22. Bxf6 gxf6 23. g3 Rd5 24. Rae1 Rcd8 25. Kg2 b6 26. Re4 Ne5 27. R1e2 b5 28. a4 Rb8 29. a5 Nc4 30. Nd4 Nxa5 31. b4 Nc4 32. Nxb5 Rdxb5 33. Rxc4 a5 34. bxa5 Rxa5 35. Rc2 Rbb5 36. Rc8+ Kg7 37. c4 Rc5 38. Rxc5 Rxc5 39. Kf3 Kf8 40. Ke4 Ke7 41. Kd4 Kd6 42. Rd2 Ra5 43. Rb2 Ra6 44. f4 Ra1 45. Rd2 Ra3 46. Rb2 Ra1 47. Rb7 Rd1+ 48. Ke3 Rh1 49. Rxf7 Rxh2 50. g4 Rh4 51. Kf3 Rh3+ 52. Ke4 Rh4 53. Rg7 Rxg4 54. Rxh7 e5 55. Ke3 Rxf4 56. Rh6 Kc5 57. Kd3 Rf3+ 58. Ke4 Rf4+ 59. Kd3 Rd4+ 60. Ke3 f5 61. Re6 f4+ 62. Ke2 Re4+ 63. Kd3 Re3+ 64. Kd2 Kxc4 65. Ra6 Kd5 66. Ra4 Rb3 67. Ra5+ Ke4 68. Ke2 Rb2+ 69. Ke1 Rh2 70. Ra4+ Kf3 71. Ra3+ Kg4 72. Ra4 Rb2 73. Rc4 Kf5 74. Rc5 f3 75. Ra5 Kf4 76. Ra3 e4 77. Ra4 f2+ 78. Kf1 Kf3 79. Ra3+ e3 80. Ra1 0-1

[Event "ISR-chT U14 2018"]
[Site "Nir HaEmek"]
[Date "2018.08.15"]
[Round "9"]
[White "Kochavi, Ori"]
[Black "Friedland, Eldar"]
[Result "1/2-1/2"]
[ECO "B11"]
[WhiteElo "2138"]
[BlackElo "1876"]
[Annotator "ChessBase"]
[PlyCount "105"]
[EventDate "2018.08.12"]
[EventType "team-tourn"]
[EventCountry "ISR"]
[SourceTitle "playchess.com"]
[Source "ChessBase"]
[SourceQuality "1"]
[TimeControl "3060+10"]

1. e4 c6 2. Nf3 d5 3. Nc3 Nf6 4. e5 Ne4 5. Ne2 Qb6 6. d4 e6 7. Ng3 c5 8. c3 Nc6 9. Be2 Bd7 10. O-O Be7 11. Qd3 h6 12. Nxe4 dxe4 13. Qxe4 cxd4 14. Nxd4 Nxd4 15. Qxd4 Qxd4 16. cxd4 Bc6 17. Be3 Bd8 18. Rfc1 a5 19. Rab1 Bb6 20. b4 a4 21. Rc3 Bd5 22. Bc4 Bxc4 23. Rxc4 Kd7 24. Rbc1 Rhc8 25. Kf1 Bd8 26. Ke2 b5 27. Rxc8 Rxc8 28. Rxc8 Kxc8 29. Kd3 Kd7 30. Ke4 a3 31. Bc1 Be7 32. Bxa3 f5+ 33. exf6 gxf6 34. Bc1 f5+ 35. Kd3 h5 36. a3 Kc6 37. f3 Kd5 38. h3 Bf6 39. Be3 h4 40. Bf2 Bg5 41. f4 Bf6 42. Be3 Bg7 43. Bf2 Bf6 44. Bg1 Bg7 45. Be3 Bh8 46. a4 bxa4 47. b5 a3 48. Bc1 a2 49. Bb2 Bf6 50. Ba1 Bd8 51. Bc3 Bb6 52. Bb2 Bc7 53. Ba1 {[%emt 0:00:30] Ke5 [%clk 0:00:00] Ke4+*} 1/2-1/2

[Event "ISR-chT U14 2018"]
[Site "Nir HaEmek"]
[Date "2018.08.15"]
[Round "9"]
[White "Ben Ari, Yannay"]
[Black "Gorshtein, Asaf"]
[Result "1-0"]
[ECO "B13"]
[WhiteElo "2022"]
[BlackElo "2137"]
[Annotator "NA"]
[PlyCount "175"]
[EventDate "2018.08.12"]
[EventType "team-tourn"]
[EventCountry "ISR"]
[SourceTitle "playchess.com"]
[Source "ChessBase"]
[SourceQuality "1"]
[TimeControl "3060+10"]

1. e4 c6 2. d4 d5 3. exd5 cxd5 4. Bd3 Nc6 5. c3 Nf6 6. Bf4 g6 7. Nf3 Bg7 8. Nbd2 O-O {[%emt 0:00:10] B13: Caro-Kann: Exchange Variation and Panov-Botvinnik Attack} (8... Bf5 9. Bxf5 gxf5 10. Ne5 e6 11. Qe2 Rc8 12. Nb3 O-O 13. h3 Ne4 14. Nd3 Ne7 15. Be5 Ng6 16. Bxg7 Kxg7 {1-0 (38) Robson,R (2645)-Pantsulaia,L (2605) chess.com INT 2018}) 9. Qe2 a6 10. h3 Re8 $146 ({Predecessor:} 10... b5 11. a3 Na5 12. Ne5 Bb7 13. h4 Nc4 14. Nb3 Nxe5 15. dxe5 Nh5 16. Bh2 Bh6 17. Nd4 Bc8 {½-½ (57) Nikolovski,N (2293)-Jovic,S (2168) Novi Sad 2015}) 11. Ne5 Nxe5 12. dxe5 Nd7 13. h4 Nc5 14. Bc2 Qb6 15. Rb1 Ne6 16. Bg3 Bd7 17. h5 d4 18. f4 Rad8 19. f5 gxf5 20. h6 Bh8 21. Bxf5 Nf8 22. Nc4 Qc6 23. Be4 Qe6 24. cxd4 Bc6 25. Bxc6 Qxc6 26. Rd1 Ng6 27. O-O b5 28. Ne3 e6 29. Ng4 Qd5 $2 (29... Qb7 30. Nf2 Qa7) 30. Qf2 Qb7 31. Nf6+ Kf8 32. Nxh7+ Kg8 33. Nf6+ Kf8 34. Nxe8 Rxe8 35. Rd3 Re7 36. Rf3 Qd7 37. Kh1 Kg8 38. Qc2 Re8 {[%emt 0:00:08] [#]} 39. h7+ $1 Kg7 40. Bf4 Qe7 41. g3 Rf8 42. Be3 Kxh7 43. Qh2+ Kg8 44. Qh5 Bg7 45. Bh6 Qb7 46. Kh2 Qe4 47. Be3 Qb7 48. Kg2 Rc8 49. R1f2 Rc7 50. Kh2 Qe4 51. Qh3 Qd5 52. Qg2 Qxa2 53. Rc2 Rxc2 54. Qxc2 Qd5 55. Kg2 Bxe5 56. dxe5 Nxe5 57. Qe2 a5 58. Kf2 Nxf3 59. Qxf3 Qb3 60. Bd4 Qc2+ 61. Kg1 Qc1+ 62. Qf1 Qd2 (62... Qc7 $142 63. Qe1 Kf8) 63. Qf6 Qd1+ 64. Kh2 Qe2+ 65. Kh3 Qh5+ 66. Qh4 Qxh4+ $2 (66... Qh7 67. Bf6 a4) 67. Kxh4 f5 68. Kg5 Kf7 69. Bb6 a4 70. Bc5 Kg7 71. Kf4 Kf6 72. Bd4+ Kf7 73. Ke5 Ke7 74. Bc5+ Kf7 75. Ba3 Kg6 76. Kxe6 Kg5 77. Bd6 Kg4 78. Kd5 b4 79. Bxb4 Kxg3 80. Bd6+ f4 81. Kc4 a3 82. bxa3 Kf3 83. a4 Ke4 84. a5 f3 85. Bc5 Ke5 86. a6 f2 87. Bxf2 Kd6 88. a7 {[%emt 0:00:02] Kd5+ [%clk 0:00:00]} 1-0

[Event "ISR-chT U14 2018"]
[Site "Nir HaEmek"]
[Date "2018.08.15"]
[Round "9"]
[White "Sherman, Reem"]
[Black "Milikow, Elie"]
[Result "0-1"]
[ECO "B33"]
[WhiteElo "1757"]
[BlackElo "2173"]
[Annotator "NA"]
[PlyCount "78"]
[EventDate "2018.08.12"]
[EventType "team-tourn"]
[EventCountry "ISR"]
[SourceTitle "playchess.com"]
[Source "ChessBase"]
[SourceQuality "1"]
[TimeControl "3060+10"]

1. e4 c5 2. Nf3 Nc6 3. d4 cxd4 4. Nxd4 Nf6 5. Nc3 e5 6. Ndb5 d6 7. Bg5 a6 8. Na3 b5 9. Bxf6 gxf6 10. Nd5 f5 11. exf5 Bxf5 12. c3 Be6 13. Nc2 Bg7 14. Nce3 O-O 15. Bd3 f5 16. O-O Ne7 17. Nxe7+ Qxe7 18. Bxf5 Bxf5 19. Nxf5 Qe6 20. Nxg7 Kxg7 21. a4 Rab8 22. axb5 axb5 23. Ra7+ Rf7 24. Ra6 Rf6 25. Qh5 Qf7 26. Qg5+ Rg6 27. Qe3 Kh8 28. Rd1 Qb7 29. g3 Qxa6 30. Qe4 Qb6 31. Qf5 Kg8 32. Rf1 Rf8 33. Qe4 Rgf6 34. Qe2 e4 35. b4 Rf3 36. c4 Qd4 37. cxb5 e3 38. b6 Rxf2 39. Rxf2 exf2+ 0-1

[Event "ISR-chT U14 2018"]
[Site "Nir HaEmek"]
[Date "2018.08.15"]
[Round "9"]
[White "Sobel, Ido"]
[Black "Shteiman, Yuval"]
[Result "0-1"]
[ECO "C13"]
[WhiteElo "1727"]
[BlackElo "1584"]
[Annotator "NA"]
[PlyCount "54"]
[EventDate "2018.08.12"]
[EventType "team-tourn"]
[EventCountry "ISR"]
[SourceTitle "playchess.com"]
[Source "ChessBase"]
[SourceQuality "1"]
[TimeControl "3060+10"]

1. e4 e6 2. d4 d5 3. Nc3 dxe4 4. Nxe4 Nd7 5. Nf3 Ngf6 6. Nxf6+ Nxf6 7. Bg5 Be7 8. Bxf6 Bxf6 9. Bd3 O-O 10. Qe2 c5 11. O-O-O cxd4 12. Kb1 Qb6 13. g4 g6 14. Ne5 Qc5 15. f4 Bxe5 16. fxe5 Bd7 17. g5 Bc6 18. Rhg1 a5 19. Rg3 a4 20. Qe1 Ra5 21. Rh3 Qxe5 22. Qh4 Qg7 23. Re1 Rd8 24. Re2 Rdd5 25. Rf2 Rxg5 26. a3 Rad5 27. Bc4 Rde5 0-1

[Event "ISR-chT U14 2018"]
[Site "Nir HaEmek"]
[Date "2018.08.15"]
[Round "9"]
[White "Yusupoff, Yoav"]
[Black "Sokolovsky, Yahli"]
[Result "1-0"]
[ECO "A24"]
[WhiteElo "1634"]
[BlackElo "2062"]
[Annotator "NA"]
[PlyCount "44"]
[EventDate "2018.08.12"]
[EventType "team-tourn"]
[EventCountry "ISR"]
[SourceTitle "playchess.com"]
[Source "ChessBase"]
[SourceQuality "1"]
[TimeControl "3060+10"]

1. c4 Nf6 2. Nc3 g6 3. g3 Bg7 4. Bg2 O-O 5. d3 d6 6. e4 e5 7. Rb1 a5 8. a3 Be6 9. Nge2 c6 10. O-O d5 11. Qb3 dxc4 12. Qxb7 cxd3 13. Qxa8 dxe2 14. Re1 Qc7 15. Be3 c5 16. Na4 Nfd7 17. Rbc1 Rd8 18. Nxc5 {[%emt 0:04:31] Nxc5Bxc5 [%clk 0:21:27]} Bc4 19. Qa7 Qxa7 {[%emt 0:00:35] Bxa7 [%clk 0:18:29]} 20. Bh6 {[%emt 0:17:51] Be3 [%clk 0:17:13] Bxe3 [%clk 0:00:52] fxe3 [%clk 0:17:22]} Ba6 21. Rc2 {[%emt 0:00:00] Rd6 [%clk 0:00:20] Bf3 [%clk 0:15:22] Nd7 [%clk 0:00:15] Bxe2 [%clk 0:14:55]} Nf6 {[%emt 0:00:56] Bxa6 [%clk 0:14:34] Rxa6 [%clk 0:00:25]} 22. Rec1 {[%emt 0:00:00] Kg7 [%clk 0:00:14] Rc6 [%clk 0:12:33] Ra8 [%clk 0:00:24]} Rc8 {[%emt 0:00:00] Ra7 [%clk 0:00:28] R8c7 [%clk 0:12:27] Ra8 [%clk 0:00:28] Re7 [%clk 0:12:29]} 1-0